 Dungeon Crawl Stone Soup version 0.29.0-4-gdea44cf6ec (webtiles) character file.

Game seed: 11088671152233281221

5676 qw the Grappler (level 10, -21/96 HPs)
             Began as a Troll Cinder Acolyte on Aug 31, 2022.
             Was a Follower of Ignis.
             Demolished by Gastronok (28 damage)
             ... on level 10 of the Dungeon.
             The game lasted 00:04:53 (8719 turns).

qw the Grappler (Troll Cinder Acolyte)              Turns: 8719, Time: 00:04:53

Health: -21/96     AC: 10    Str: 28    XL:     10   Next: 47%
Magic:  10/10      EV:  8    Int: 10    God:    Ignis [*.....]
Gold:   176        SH: 11    Dex:  5    Spells: 11/11 levels left

rFire   + . .      SeeInvis .     - Unarmed
rCold   + . .      Faith    .   a - +0 kite shield
rNeg    . . .      Spirit   .   n - +2 robe {rC+}
rPois   .          Reflect  +   (helmet restricted)
rElec   .          Harm     .   i - +0 cloak
rCorr   .          Rampage  .   (gloves unavailable)
Will    +....                   (boots unavailable)
Stlth   +.........              c - amulet of reflection
HPRegen 1.06/turn               k - ring of willpower
MPRegen 0.12/turn               (no ring)

@: about to teleport, corroded, fiery-armoured
A: large, unfitting armour, claws 3, regeneration 1, shaggy fur 1, tough skin 1
a: Renounce Religion, Fiery Armour, Foxfire Swarm, Rising Flame


You were on level 10 of the Dungeon.
You worshipped Ignis.
Ignis was aware of your devotion.
You visited 1 branch of the dungeon, and saw 10 of its levels.
You also visited: Sewer.

You collected 1207 gold pieces.
You spent 1031 gold pieces at shops.


Innate Abilities, Weirdness & Mutations

You are too large for most types of armour.
You have claws for hands.
Your natural rate of healing is unusually fast.
You are covered in fur. (AC +1)
You have tough skin. (AC +1)


   Skills:
 - Level 5.0 Fighting
 - Level 2.1 Throwing
 - Level 1.0 Armour
 - Level 1.3 Dodging
 + Level 3.3 Shields
 - Level 13.9 Unarmed Combat
 - Level 1.0 Spellcasting
 - Level 2.1 Fire Magic


You had 11 spell levels left.
You didn't know any spells.
Your spell library contained the following spells:

 Spells                   Type           Power      Damage    Failure   Level
 Scorch                   Fire           8%         2d5       45%         2

Inventory:

Missiles
 l - 2 boomerangs (quivered)
Armour
 a - a +0 kite shield (worn)
 i - a +0 cloak (worn)
 n - a +2 robe of cold resistance (worn)
Jewellery
 c - an amulet of reflection (around neck)
 k - a ring of willpower (left claw)
Scrolls
 d - 9 scrolls of identify
 e - 2 scrolls of brand weapon
 h - 5 scrolls of enchant weapon
 j - a scroll of teleportation
Potions
 b - 2 potions of mutation
 f - 2 potions of haste
 g - 9 potions of curing
 m - a potion of cancellation

Dungeon Overview and Level Annotations

Branches:
Dungeon (10/15)            Temple (0/1) D:4             Orc (0/2) D:9
  Sewer (visited)
   Lair: D:8-11

Altars:
Ashenzari
Dithmenos
Elyvilon
Fedhas
Kikubaaqudgha
Nemelex Xobeh
Okawaru
Sif Muna
Trog
Vehumet
Wu Jian
Yredelemnul
The Shining One

Shops:
D:3 (   D:4 ?*!   D:7 ?

Annotations:
D:8 5 runed translucent doors
D:9 3 runed translucent doors, qw's ghost, novice TeWr
D:10 Gastronok


Message History

The splash of acid hits you! The acid corrodes you!
You mangle Gastronok!!
Gastronok is lightly wounded.
You mangle Gastronok!!
Gastronok is moderately wounded.
You block Gastronok's attack.
You claw Gastronok!
Gastronok is heavily wounded.
The acid dragon bites you but does no damage.
You block the acid dragon's attack.
You claw Gastronok!
Gastronok is heavily wounded.
You block the acid dragon's attack. The acid dragon claws you.
Gastronok bites you!!
You claw Gastronok!
Gastronok is heavily wounded.
You claw Gastronok!
Gastronok is severely wounded.
You block the acid dragon's attack. The acid dragon claws you.
You claw Gastronok!
Gastronok is severely wounded.
The acid dragon bites you. You block the acid dragon's attack.
You block Gastronok's attack.
You claw Gastronok!
Gastronok is almost dead.
The acid dragon bites you! The acid dragon claws you.
You scratch Gastronok but do no damage.
Gastronok is almost dead.
The acid dragon bites you. The acid dragon claws you. Gastronok bites you!!
8718 ||| READING 2 scrolls of teleportation.
As you read the scroll of teleportation, it crumbles to dust.
You feel strangely unstable. The acid dragon bites you!
The acid dragon claws you.
8719 ||| INVOKING Fiery Armour.
A protective cloak of flame settles atop you.
The acid dragon spits acid at you.
The splash of acid reflects off an invisible shield around you!
The splash of acid hits the acid dragon!
Gastronok bites you!!
You die...

###### #....#
#<...#####
#.?......#
#..@.....#
#.Dw.....#
#........#
............
..........!..
...............
...............
...............


You could see Gastronok and an acid dragon (catching breath).

Vanquished Creatures
  Grinder (D:5)
  Sigmund (D:3)
  A shadow (D:9)
  A wyvern (D:8)
  A steam dragon (D:8)
  Menkaure (D:5)
  Duvessa (D:7)
  3 water moccasins
  2 orc warriors (D:9)
  3 ogres
  2 ice beasts
  A black bear (D:3)
  2 centaurs
  3 kobold brigands
  6 bullfrogs
  3 gnoll sergeants
  2 scorpions
  3 wights (D:6)
  Dowan (D:7)
  17 killer bees
  A jelly (D:5)
  2 gnoll boudas
  3 orc priests (D:5)
  6 hounds
  3 iguanas
  6 orc wizards
  22 gnolls
  13 adders
  A shadow imp (D:5)
  A white imp (D:6)
  3 worms
  3 dart slugs
  30 orcs
  15 ball pythons
  18 endoplasms
  10 giant cockroaches
  14 goblins
  6 hobgoblins
  2 jackals (D:2)
  23 kobolds
  8 quokkas
  3 bats
  9 frilled lizards
  A rat (D:2)
258 creatures vanquished.

Vanquished Creatures (collateral kills)
  A two-headed ogre (D:9)
1 creature vanquished.

Grand Total: 259 creatures vanquished

Notes
Turn   | Place    | Note
-------+----------+-------------------------------------------
     0 | D:1      | qw the Troll Cinder Acolyte began the quest for the Orb.
     0 | D:1      | Reached XP level 1. HP: 22/22 MP: 1/1
     0 | D:1      | 0 ||| qw: Version: 0.1-a-97-g2dd2ca4
     0 | D:1      | 0 ||| qw: Game counter: 4550
     0 | D:1      | 0 ||| qw: Always use a shield: true
     0 | D:1      | 0 ||| qw: God list: Okawaru
     0 | D:1      | 0 ||| qw: Allow faded altars: false
     0 | D:1      | 0 ||| qw: Do Orc after D:15 true
     0 | D:1      | 0 ||| qw: Do second Lair branch before Depths: true
     0 | D:1      | 0 ||| qw: Lair rune preference: random
     0 | D:1      | 0 ||| qw: Plans: Normal
     0 | D:1      | 0 ||| PLANNING D:1-11
    17 | D:1      | Found a faded altar of an unknown god.
    19 | D:1      | 19 ||| Stepping ~*~*~tactically~*~*~ (stealth).
   125 | D:1      | Reached XP level 2. HP: 24/29 MP: 2/2
   178 | D:1      | Reached skill level 4 in Unarmed Combat
   298 | D:1      | Reached XP level 3. HP: 36/36 MP: 3/3
   618 | D:1      | 618 ||| UPGRADING to amulet of reflection.
   623 | D:1      | 623 ||| READING scroll labelled RILIRYETEQ.
   624 | D:1      | 624 ||| READING scroll labelled TUATTE WANI.
   725 | D:1      | 725 ||| READING scroll labelled YTAOXK KUNN.
   868 | D:2      | 868 ||| Stepping ~*~*~tactically~*~*~ (outnumbered).
  1453 | D:2      | Reached skill level 5 in Unarmed Combat
  1453 | D:2      | Reached XP level 4. HP: 44/44 MP: 4/4
  1627 | D:2      | 1627 ||| DROPPING amulet of regeneration.
  1628 | D:2      | 1628 ||| READING scroll labelled ITHRASTR TODO.
  1629 | D:2      | 1629 ||| READING 2 scrolls labelled RIUDUIMAIJ.
  1630 | D:2      | 1630 ||| READING scroll labelled XAUNLEDIASH.
  1630 | D:2      | Identified a scroll of acquirement
  1630 | D:2      | 1630 ||| ACQUIRING 696 gold pieces
  1630 | D:2      | Acquired 696 gold pieces
  1632 | D:2      | 1632 ||| DROPPING scroll of fear.
  1672 | D:3      | Noticed Sigmund
  1672 | D:3      | Found Tucakym's Weapon Shop.
  1673 | D:3      | 1673 ||| Stepping ~*~*~tactically~*~*~ (hiding).
  1675 | D:3      | Noticed a water moccasin
  1677 | D:3      | 1677 ||| Stepping ~*~*~tactically~*~*~ (outnumbered).
  1678 | D:3      | 1678 ||| STAIRDANCE
  1783 | D:3      | 1783 ||| STAIRDANCE
  1798 | D:3      | 1798 ||| INVOKING Fiery Armour.
  1801 | D:3      | Killed a water moccasin
  1802 | D:3      | Reached skill level 6 in Unarmed Combat
  1802 | D:3      | Reached XP level 5. HP: 22/50 MP: 5/5
  1802 | D:3      | 1802 ||| STAIRDANCE
  1804 | D:3      | 1804 ||| STAIRDANCE
  1847 | D:3      | Killed Sigmund
  1848 | D:3      | Reached skill level 7 in Unarmed Combat
  1848 | D:3      | Reached XP level 6. HP: 57/59 MP: 6/6
  1978 | D:3      | Found a shimmering blue altar of Sif Muna.
  2033 | D:3      | Found a blossoming altar of Fedhas.
  2547 | D:3      | 2547 ||| READING scroll labelled ZETHERUINK.
  2548 | D:3      | 2548 ||| READING scroll labelled RAMIDOTWIWE.
  2549 | D:3      | 2549 ||| DRINKING 2 sapphire potions.
  2550 | D:3      | 2550 ||| DRINKING 2 murky silvery potions.
  2551 | D:3      | 2551 ||| READING 3 scrolls of identify.
  2551 | D:3      | 2551 ||| IDENTIFYING sedimented ruby potion
  2552 | D:3      | 2552 ||| READING 2 scrolls of identify.
  2552 | D:3      | 2552 ||| IDENTIFYING green potion
  2553 | D:3      | 2553 ||| DROPPING potion of brilliance.
  2598 | D:4      | 2598 ||| PLANNING SEWER
  2598 | D:4      | 2598 ||| INVOKING Fiery Armour.
  2600 | D:4      | 2600 ||| STAIRDANCE
  2609 | D:4      | 2609 ||| STAIRDANCE
  2611 | D:3      | 2611 ||| Stepping ~*~*~tactically~*~*~ (outnumbered).
  2613 | D:3      | 2613 ||| Stepping ~*~*~tactically~*~*~ (outnumbered).
  2615 | D:3      | 2615 ||| Stepping ~*~*~tactically~*~*~ (outnumbered).
  2616 | D:3      | Reached skill level 8 in Unarmed Combat
  2616 | D:3      | Reached XP level 7. HP: 66/66 MP: 7/7
  2620 | D:3      | Reached skill level 3 in Fighting
  2636 | D:4      | 2636 ||| STAIRDANCE
  2717 | D:4      | Found a glowing drain.
  2728 | Sewer    | Entered a sewer
  2981 | Sewer    | 2981 ||| Stepping ~*~*~tactically~*~*~ (stealth).
  3062 | Sewer    | Reached skill level 9 in Unarmed Combat
  3090 | Sewer    | 3090 ||| READING scroll labelled XEIWNU ZOSO.
  3094 | Sewer    | 3094 ||| READING 2 scrolls of identify.
  3094 | Sewer    | 3094 ||| IDENTIFYING coppery potion
  3095 | Sewer    | 3095 ||| DROPPING potion of flight.
  3100 | D:4      | 3100 ||| PLANNING D:1-11
  3133 | D:4      | Found Dygiofuv's Magic Scroll Shoppe.
  3141 | D:4      | 3141 ||| BUYING scroll of brand weapon (95 gold).
  3141 | D:4      | Bought a scroll of brand weapon for 95 gold pieces
  3141 | D:4      | 3141 ||| BUYING scroll of enchant weapon (75 gold).
  3141 | D:4      | Bought a scroll of enchant weapon for 75 gold pieces
  3141 | D:4      | 3141 ||| BUYING scroll of identify (20 gold).
  3141 | D:4      | Bought a scroll of identify for 20 gold pieces
  3141 | D:4      | 3141 ||| BUYING scroll of identify (20 gold).
  3141 | D:4      | Bought a scroll of identify for 20 gold pieces
  3141 | D:4      | 3141 ||| BUYING scroll of identify (20 gold).
  3141 | D:4      | Bought a scroll of identify for 20 gold pieces
  3141 | D:4      | 3141 ||| BUYING scroll of teleportation (30 gold).
  3141 | D:4      | Bought a scroll of teleportation for 30 gold pieces
  3194 | D:4      | Found a glowing golden altar of the Shining One.
  3412 | D:4      | 3412 ||| READING 5 scrolls of identify.
  3412 | D:4      | 3412 ||| IDENTIFYING grey potion
  3413 | D:4      | 3413 ||| READING 4 scrolls of identify.
  3413 | D:4      | 3413 ||| IDENTIFYING fizzy sapphire potion
  3414 | D:4      | 3414 ||| DROPPING potion of attraction.
  3415 | D:4      | 3415 ||| DROPPING potion of degeneration.
  3443 | D:4      | 3443 ||| READING scroll of teleportation.
  3444 | D:4      | 3444 ||| STAIRDANCE
  3545 | D:4      | Found a staircase to the Ecumenical Temple.
  3564 | D:4      | Reached skill level 1 in Dodging
  3595 | D:4      | 3595 ||| Stepping ~*~*~tactically~*~*~ (stealth).
  3597 | D:4      | 3597 ||| Stepping ~*~*~tactically~*~*~ (hiding).
  3720 | D:4      | Found Narghaat's Assorted Antiques.
  3725 | D:4      | 3725 ||| BUYING 2 fizzy inky potions (46 gold).
  3725 | D:4      | Bought 2 fizzy inky potions for 46 gold pieces
  3725 | D:4      | 3725 ||| BUYING potion of haste (260 gold).
  3725 | D:4      | Bought a potion of haste for 260 gold pieces
  3725 | D:4      | 3725 ||| BUYING scroll labelled XYWOTON XYPPAF (26 gold).
  3725 | D:4      | Bought a scroll labelled XYWOTON XYPPAF for 26 gold pieces
  3725 | D:4      | 3725 ||| BUYING scroll of teleportation (78 gold).
  3725 | D:4      | Bought a scroll of teleportation for 78 gold pieces
  3873 | D:4      | Reached XP level 8. HP: 75/75 MP: 8/8
  3932 | D:4      | Found Biesevin's Distillery.
  3937 | D:4      | 3937 ||| BUYING 2 potions of curing (78 gold).
  3937 | D:4      | Bought 2 potions of curing for 78 gold pieces
  3937 | D:4      | 3937 ||| BUYING potion of cancellation (104 gold).
  3937 | D:4      | Bought a potion of cancellation for 104 gold pieces
  3937 | D:4      | 3937 ||| BUYING potion of curing (39 gold).
  3937 | D:4      | Bought a potion of curing for 39 gold pieces
  3937 | D:4      | 3937 ||| BUYING potion of heal wounds (65 gold).
  3937 | D:4      | Bought a potion of heal wounds for 65 gold pieces
  3937 | D:4      | 3937 ||| SHOPLISTING potion of heal wounds (65 gold, have
                  | 2).
  3937 | D:4      | 3937 ||| SHOPLISTING potion of mutation (104 gold, have 2).
  3996 | D:4      | Found a broken altar of Ashenzari.
  4048 | D:4      | 4048 ||| READING 2 scrolls labelled XYWOTON XYPPAF.
  4049 | D:4      | 4049 ||| DRINKING 2 fizzy inky potions.
  4150 | D:4      | 4150 ||| DROPPING potion of ambrosia.
  4151 | D:4      | 4151 ||| DROPPING scroll of poison.
  4188 | D:5      | Entered Level 5 of the Dungeon
  4189 | D:5      | Noticed Menkaure
  4193 | D:5      | Killed Menkaure
  4290 | D:5      | 4290 ||| Stepping ~*~*~tactically~*~*~ (hiding).
  4296 | D:5      | Noticed Grinder
  4297 | D:5      | 4297 ||| INVOKING Fiery Armour.
  4298 | D:5      | 4298 ||| Stepping ~*~*~tactically~*~*~ (outnumbered).
  4301 | D:5      | 4301 ||| Stepping ~*~*~tactically~*~*~ (outnumbered).
  4310 | D:5      | Killed Grinder
  4311 | D:5      | Reached skill level 10 in Unarmed Combat
  4329 | D:5      | 4329 ||| Stepping ~*~*~tactically~*~*~ (stealth).
  4332 | D:5      | 4332 ||| Stepping ~*~*~tactically~*~*~ (hiding).
  4335 | D:5      | 4335 ||| Stepping ~*~*~tactically~*~*~ (hiding).
  4552 | D:5      | 4552 ||| FLEEEEING.
  4553 | D:5      | 4553 ||| FLEEEEING.
  4554 | D:5      | 4554 ||| FLEEEEING.
  4555 | D:5      | 4555 ||| FLEEEEING.
  4556 | D:5      | 4556 ||| FLEEEEING.
  4558 | D:5      | 4558 ||| FLEEEEING.
  4559 | D:5      | 4559 ||| FLEEEEING.
  4560 | D:5      | 4560 ||| STAIRDANCE
  4604 | D:5      | 4604 ||| Stepping ~*~*~tactically~*~*~ (stealth).
  4605 | D:5      | 4605 ||| Stepping ~*~*~tactically~*~*~ (stealth).
  4658 | D:5      | 4658 ||| Stepping ~*~*~tactically~*~*~ (stealth).
  4663 | D:5      | 4663 ||| INVOKING Fiery Armour.
  4664 | D:5      | 4664 ||| Stepping ~*~*~tactically~*~*~ (hiding).
  4996 | D:5      | Found a bloodstained altar of Trog.
  5003 | D:5      | 5003 ||| READING scroll labelled ALETYCO JUCAI.
  5050 | D:6      | Found a white marble altar of Elyvilon.
  5052 | D:6      | 5052 ||| FLEEEEING.
  5053 | D:6      | 5053 ||| FLEEEEING.
  5054 | D:6      | 5054 ||| FLEEEEING.
  5063 | D:6      | 5063 ||| INVOKING Fiery Armour.
  5063 | D:6      | HP: 17/75 [wight/+4 halberd (11)]
  5064 | D:6      | 5064 ||| READING scroll of teleportation.
  5065 | D:6      | 5065 ||| DRINKING potion of heal wounds.
  5132 | D:6      | 5132 ||| Stepping ~*~*~tactically~*~*~ (stealth).
  5143 | D:6      | 5143 ||| Stepping ~*~*~tactically~*~*~ (hiding).
  5145 | D:6      | 5145 ||| Stepping ~*~*~tactically~*~*~ (hiding).
  5191 | D:6      | 5191 ||| Stepping ~*~*~tactically~*~*~ (stealth).
  5194 | D:6      | 5194 ||| Stepping ~*~*~tactically~*~*~ (stealth).
  5196 | D:6      | 5196 ||| Stepping ~*~*~tactically~*~*~ (hiding).
  5205 | D:6      | Reached XP level 9. HP: 76/83 MP: 9/9
  5205 | D:6      | 5205 ||| Stepping ~*~*~tactically~*~*~ (hiding).
  5206 | D:6      | 5206 ||| Stepping ~*~*~tactically~*~*~ (hiding).
  5212 | D:6      | Reached skill level 11 in Unarmed Combat
  5216 | D:6      | 5216 ||| Stepping ~*~*~tactically~*~*~ (hiding).
  5378 | D:6      | 5378 ||| INVOKING Fiery Armour.
  5379 | D:6      | HP: 18/79 [wight/+0 battleaxe (9)]
  5588 | D:6      | Found a shadowy altar of Dithmenos.
  5591 | D:6      | Found a radiant altar of Vehumet.
  5591 | D:6      | Found an ancient bone altar of Kikubaaqudgha.
  5746 | D:7      | 5746 ||| Stepping ~*~*~tactically~*~*~ (stealth).
  5751 | D:7      | 5751 ||| FLEEEEING.
  5752 | D:7      | 5752 ||| STAIRDANCE
  5773 | D:7      | 5773 ||| STAIRDANCE
  5775 | D:6      | 5775 ||| Stepping ~*~*~tactically~*~*~ (outnumbered).
  5776 | D:6      | 5776 ||| Stepping ~*~*~tactically~*~*~ (outnumbered).
  5780 | D:6      | 5780 ||| Stepping ~*~*~tactically~*~*~ (outnumbered).
  5781 | D:6      | 5781 ||| Stepping ~*~*~tactically~*~*~ (outnumbered).
  5788 | D:6      | 5788 ||| INVOKING Fiery Armour.
  5901 | D:7      | 5901 ||| Stepping ~*~*~tactically~*~*~ (stealth).
  5917 | D:7      | Noticed Dowan
  5917 | D:7      | Noticed Duvessa
  5918 | D:7      | 5918 ||| Stepping ~*~*~tactically~*~*~ (hiding).
  5919 | D:7      | 5919 ||| Stepping ~*~*~tactically~*~*~ (hiding).
  5922 | D:7      | 5922 ||| INVOKING Fiery Armour.
  5923 | D:7      | 5923 ||| Stepping ~*~*~tactically~*~*~ (outnumbered).
  5927 | D:7      | Reached skill level 12 in Unarmed Combat
  5934 | D:7      | Killed Duvessa
  5936 | D:7      | Killed Dowan
  5943 | D:7      | Found a sparkling altar of Nemelex Xobeh.
  6029 | D:7      | Found Ussoivos's Magic Scroll Boutique.
  6048 | D:7      | 6048 ||| BUYING scroll of identify (30 gold).
  6048 | D:7      | Bought a scroll of identify for 30 gold pieces
  6048 | D:7      | 6048 ||| BUYING scroll of teleportation (45 gold).
  6048 | D:7      | Bought a scroll of teleportation for 45 gold pieces
  6059 | D:7      | 6059 ||| Stepping ~*~*~tactically~*~*~ (stealth).
  6061 | D:7      | 6061 ||| Stepping ~*~*~tactically~*~*~ (hiding).
  6073 | D:7      | 6073 ||| Stepping ~*~*~tactically~*~*~ (stealth).
  6154 | D:7      | You fall into a shaft and drop 2 floors!
  6195 | D:9      | Found a staircase to the Orcish Mines.
  6236 | D:9      | 6236 ||| UPGRADING to +0 cloak.
  6241 | D:9      | 6241 ||| UPGRADING to +2 robe of cold resistance.
  6251 | D:9      | 6251 ||| DROPPING +0 robe.
  6252 | D:9      | 6252 ||| UPGRADING to ring of willpower.
  6253 | D:9      | 6253 ||| READING scroll labelled WIRIDD MENN.
  6256 | D:9      | Found a runed translucent gate.
  6256 | D:9      | Found a runed translucent gate.
  6256 | D:9      | Found a runed translucent gate.
  6256 | D:9      | Noticed a two-headed ogre
  6262 | D:9      | Killed a two-headed ogre
  6263 | D:9      | Reached skill level 13 in Unarmed Combat
  6263 | D:9      | Reached XP level 10. HP: 96/96 MP: 10/10
  6285 | D:8      | Reached skill level 1 in Armour
  6311 | D:8      | Found the +9 staff of Olgreb {rPois∞}
  6348 | D:8      | 6348 ||| READING scroll labelled DAPUMP CAIVUI.
  6543 | D:7      | 6543 ||| READING 3 scrolls of teleportation.
  6676 | D:8      | Found an ornate altar of the Wu Jian Council.
  6737 | D:8      | Found a runed translucent door.
  6744 | D:8      | Found a runed translucent gate.
  6744 | D:8      | Found a runed translucent gate.
  6745 | D:8      | Found a runed translucent door.
  6756 | D:8      | Found a runed translucent gate.
  6761 | D:8      | 6761 ||| Stepping ~*~*~tactically~*~*~ (hiding).
  6766 | D:8      | 6766 ||| Stepping ~*~*~tactically~*~*~ (outnumbered).
  6767 | D:8      | 6767 ||| Stepping ~*~*~tactically~*~*~ (outnumbered).
  6768 | D:8      | 6768 ||| Stepping ~*~*~tactically~*~*~ (outnumbered).
  6769 | D:8      | 6769 ||| Stepping ~*~*~tactically~*~*~ (outnumbered).
  6770 | D:8      | 6770 ||| Stepping ~*~*~tactically~*~*~ (outnumbered).
  6771 | D:8      | 6771 ||| Stepping ~*~*~tactically~*~*~ (outnumbered).
  6772 | D:8      | 6772 ||| Stepping ~*~*~tactically~*~*~ (outnumbered).
  6773 | D:8      | 6773 ||| Stepping ~*~*~tactically~*~*~ (outnumbered).
  6774 | D:8      | 6774 ||| Stepping ~*~*~tactically~*~*~ (outnumbered).
  6778 | D:8      | 6778 ||| INVOKING Fiery Armour.
  6800 | D:8      | 6800 ||| FLEEEEING.
  6801 | D:8      | 6801 ||| FLEEEEING.
  6909 | D:8      | 6909 ||| INVOKING Fiery Armour.
  7000 | D:8      | 7000 ||| Stepping ~*~*~tactically~*~*~ (stealth).
  7272 | D:8      | 7272 ||| UPGRADING to +0 kite shield.
  7314 | D:9      | 7314 ||| Stepping ~*~*~tactically~*~*~ (stealth).
  7316 | D:9      | 7316 ||| Stepping ~*~*~tactically~*~*~ (stealth).
  7330 | D:9      | 7330 ||| INVOKING Fiery Armour.
  7334 | D:9      | HP: 21/96 [killer bee (7)]
  7335 | D:9      | 7335 ||| READING 2 scrolls of teleportation.
  7336 | D:9      | Reached skill level 1 in Shields
  7339 | D:9      | HP: 20/96 [poisoned by a killer bee]
  7424 | D:9      | Noticed qw's ghost (novice TeWr)
  7577 | D:9      | 7577 ||| Stepping ~*~*~tactically~*~*~ (hiding).
  7670 | D:9      | Found an iron altar of Okawaru.
  7983 | D:9      | 7983 ||| Stepping ~*~*~tactically~*~*~ (stealth).
  7991 | D:9      | 7991 ||| Stepping ~*~*~tactically~*~*~ (outnumbered).
  7993 | D:9      | Reached skill level 3 in Shields
  8188 | D:9      | Found a basalt altar of Yredelemnul.
  8602 | D:9      | 8602 ||| READING scroll labelled YSHAUG CA AQINNEYL.
  8622 | D:10     | Entered Level 10 of the Dungeon
  8622 | D:10     | Noticed Gastronok
  8624 | D:10     | 8624 ||| FLEEEEING.
  8625 | D:10     | 8625 ||| STAIRDANCE
  8649 | D:9      | 8649 ||| Stepping ~*~*~tactically~*~*~ (stealth).
  8653 | D:9      | 8653 ||| Stepping ~*~*~tactically~*~*~ (hiding).
  8654 | D:9      | 8654 ||| Stepping ~*~*~tactically~*~*~ (hiding).
  8717 | D:10     | HP: 19/96 [Gastronok (27)]
  8718 | D:10     | 8718 ||| READING 2 scrolls of teleportation.
  8718 | D:10     | HP: 9/96 [acid dragon (11)]
  8719 | D:10     | 8719 ||| INVOKING Fiery Armour.
  8719 | D:10     | Demolished by Gastronok

Levels and vault maps discovered:
D:1:      ncdulo_halloftheorcs, layout_basic, basic_ecumenical_altar
D:2:      layout_loops_corners
D:3:      layout_loops_ring, lemuel_round_altar, old_standard_altar,
          serial_shops, shop, patterned_corridor, uniq_sigmund
D:4:      minmay_chambers_of_twos, layout_gridville, tso_metal_star,
          cheibrodos_ashenzari_chains, minmay_temple_entry_ruins,
          gup_sewer_entry_bubbles, serial_shops, shop, shop, shop
D:5:      layout_loops_ring, trog_antimagical, kennysheep_donut,
          ebering_dispersal_statue_hall, uniq_grinder, uniq_menkaure
D:6:      layout_basic, mainiacjoe_overflow_cross_hatched,
          chequers_temple_overflow_statue_of_worship
D:7:      layout_rooms, nemelex_xobeh_ov_fountains_minmay, serial_shops,
          nicolae_shop_advertising_works [nicolae_subvault_shop_adworks],
          uniq_duvessa
D:8:      layout_loops_ring, lemuel_coloured_pillars_altar,
          minmay_guarded_unrand_staff_of_olgreb
D:9:      layout_layer_cave, lemuel_tele_altar, mainiacjoe_overflow_alcove_4,
          orc_0_dummy, gammafunk_ghost_necromancy
D:10:     layout_irregular_city, nicolae_qazlal_style_of_elements,
          mainiacjoe_overflow_six_doors_small, serial_demonic, serial_demonic_e,
          serial_demonic_g, serial_demonic_a, serial_demonic_e,
          serial_demonic_g, serial_demonic_e, minivault_16, uniq_gastronok

Skill      XL: |  1  2  3  4  5  6  7  8  9 10 |
---------------+-------------------------------+-----
Unarmed Combat | 4 5 6 7 8 9 10 13 | 13.9
Fighting       | 3 4 5 |  5.0
Dodging        | 1 |  1.3
Throwing       | 2 |  2.1
Armour         | 1 |  1.0
Shields        | 3 |  3.3
Spellcasting   | |  1.0
Fire Magic     | |  2.1

Action                   |  1- 3 |  4- 6 |  7- 9 | 10-12 || total
-------------------------+-------+-------+-------+-------++-------
Melee: Unarmed           |    88 |    55 |   335 |   151 ||   629
       Punch             |     1 |     3 |     8 |     3 ||    15
Throw: Boomerang         |       |       |    65 |    13 ||    78
Invok: Fiery Armour      |       |     2 |     6 |     4 ||    12
  Use: Scroll            |     3 |     7 |     9 |     5 ||    24
       Potion            |       |     2 |     2 |       ||     4
Armor: Robe              |    13 |    29 |    75 |    52 ||   169
Dodge: Dodged            |    21 |    24 |    88 |    57 ||   190
Block: Other             |     1 |    19 |    51 |    17 ||    88
       Reflection        |     1 |     1 |     2 |     1 ||     5
       Kite shield       |       |       |       |    52 ||    52

Table legend:
 A = Non-vault XP
 B = Vault XP
 C = Vault XP percentage of total XP
 D = Non-vault monster count
 E = Vault monster count
 F = Vault count percentage of total count
                 A         B        C        D         E       F
            +---------+---------+-------+---------+---------+-------
      Total |    6806 |    1303 |  16.1 |     206 |      53 |  20.5
            +---------+---------+-------+---------+---------+-------
        D:1 |      53 |       0 |   0.0 |      21 |       0 |   0.0
        D:2 |      65 |       0 |   0.0 |      26 |       0 |   0.0
        D:3 |     567 |     226 |  28.5 |      19 |       1 |   5.0
        D:4 |     162 |     163 |  50.2 |      18 |      14 |  43.8
        D:5 |     641 |     438 |  40.6 |      30 |       5 |  14.3
        D:6 |     781 |       0 |   0.0 |      18 |       0 |   0.0
        D:7 |     937 |     216 |  18.7 |      26 |       2 |   7.1
        D:8 |    1431 |       0 |   0.0 |      24 |       0 |   0.0
        D:9 |    2169 |       0 |   0.0 |      24 |       0 |   0.0
      Sewer |       0 |     260 | 100.0 |       0 |      31 | 100.0
            +---------+---------+-------+---------+---------+-------
